 Dungeon Crawl Stone Soup version 0.20.1-1-g8b1a95d66d (webtiles) character file.

12411 fartsinmyface the Spry (level 11, -3/58 HPs)
             Began as a Felid Enchanter on Nov 24, 2017.
             Was the Champion of Okawaru.
             Slain by a hippogriff (5 damage)
             ... on level 2 of the Lair of Beasts on Nov 26, 2017.
             The game lasted 02:32:28 (31967 turns).

fartsinmyface the Spry (Felid Enchanter)           Turns: 31967, Time: 02:32:31

Health: -3/58      AC:  8    Str:  4    XL:     11   Next: 62%
Magic:  1/19       EV: 32    Int: 20    God:    Okawaru [******]
Gold:   931        SH:  0    Dex: 20    Spells: 4/20 levels left
                                        Lives:  0   Deaths: 3

rFire    . . .     SeeInvis +     - Unarmed
rCold    + . .     Gourm    .   (shield unavailable)
rNeg     . . .     Faith    .   (armour unavailable)
rPois    .         Spirit   .   (helmet unavailable)
rElec    .         Reflect  .   (cloak unavailable)
rCorr    .         Harm     .   (gloves unavailable)
MR       +....     Rnd*Rage +   (boots unavailable)
Stlth    ++++++....             (no amulet)
Regen    0.2/turn               h - +4 ring of protection
MPRegen  0.2/turn               G - ring of stealth

@: quick
A: no armour, no weapons or thrown items, stealth, claws 1, fangs 3, rugged
brown scales 1, see invisible, berserk 1, carnivore 3, clever 1, speed 1, shaggy
fur 3, slow metabolism 1, sharp paws
a: Heroism, Finesse, Renounce Religion


You were on level 2 of the Lair of Beasts.
You worshipped Okawaru.
Okawaru was exalted by your worship.
You were not hungry.

You visited 3 branches of the dungeon, and saw 16 of its levels.

You collected 931 gold pieces.

Inventory:

Jewellery
 h - a +4 ring of protection (left paw)
 r - a cursed ring of teleportation {unknown}
 v - an uncursed ring of ice {Nigger}
 G - a ring of stealth (right paw)
Wands
 e - a wand of polymorph (10/24)
 k - a wand of digging (24/24)
Scrolls
 f - 4 scrolls of remove curse
 j - 2 scrolls of fear
 n - 5 scrolls of identify
 s - 2 scrolls of magic mapping
 w - a scroll of summoning {unknown}
 x - 5 scrolls of teleportation
 C - a scroll of fog
Potions
 b - a potion of agility
 g - 3 potions of flight
 i - 2 potions of haste
 l - 3 potions of lignification
 m - a potion of curing
 o - a potion of berserk rage {unknown}
 q - a potion of heal wounds {unknown}
 t - a potion of resistance {unknown}
 z - a potion of degeneration {unknown}
 A - 2 potions of might
 B - a potion of ambrosia {unknown}
Books
 a - a book of Maledictions

   Spells                             Type                      Level
   a - Corona                         Hexes                        1
   b - Ensorcelled Hibernation        Hexes/Ice                    2
   c - Confuse                        Hexes                        3
   d - Tukima's Dance                 Hexes                        3
   e - Dazzling Spray                 Conjuration/Hexes            3
 c - a book of Battle

   Spells                             Type                      Level
   a - Infusion                       Charms                       1
   b - Shroud of Golubria             Charms/Translocation         2
   c - Song of Slaying                Charms                       2
   d - Spectral Weapon                Hexes/Charms                 3
   e - Regeneration                   Charms/Necromancy            3
 u - a book of Necromancy

   Spells                             Type                      Level
   a - Pain                           Necromancy                   1
   b - Animate Skeleton               Necromancy                   1
   c - Vampiric Draining              Necromancy                   3
   d - Regeneration                   Charms/Necromancy            3
   e - Animate Dead                   Necromancy                   4
   f - Control Undead                 Necromancy                   4
 y - a book of Party Tricks

   Spells                             Type                      Level
   a - Summon Butterflies             Summoning                    1
   b - Apportation                    Translocation                1
   c - Lesser Beckoning               Translocation                3
   d - Tukima's Dance                 Hexes                        3
   e - Alistair's Intoxication        Transmutation/Poison         5
   f - Invisibility                   Hexes                        6
 F - a book of Conjurations

   Spells                             Type                      Level
   a - Magic Dart                     Conjuration                  1
   b - Searing Ray                    Conjuration                  2
   c - Dazzling Spray                 Conjuration/Hexes            3
   d - Fulminant Prism                Conjuration/Hexes            4
   e - Force Lance                    Conjuration/Translocation    4
   f - Iskenderun's Mystic Blast      Conjuration                  4
Comestibles
 d - 6 royal jellies
 p - 3 meat rations


   Skills:
 - Level 12.3 Fighting
 - Level 15.1 Dodging
 - Level 11.0 Stealth
 - Level 12.0 Unarmed Combat
 - Level 5.0 Spellcasting
 + Level 8.2 Hexes
 - Level 1.4 Evocations


You had 4 spell levels left.
You knew the following spells:

 Your Spells              Type           Power        Failure   Level  Hunger
a - Corona                Hex            #####..      1%          1    None
b - Ensorcelled Hibernat  Hex/Ice        ###...       3%          2    None
c - Confuse               Hex            #####...     1%          3    ##.....
d - Tukima's Dance        Hex            #####...     1%          3    ##.....
e - Dazzling Spray        Conj/Hex       ###...       6%          3    ##.....
f - Fulminant Prism       Conj/Hex       ###.......   21%         4    ####...


Dungeon Overview and Level Annotations

Branches:
Dungeon (13/15)            Temple (1/1) D:6            Lair (2/6) D:9
  Snake (0/4) Lair:2          Orc (0/2) D:9
  Swamp: Lair:2-4    Shoals: Lair:2-4    Vaults: D:13-14

Altars:
Ashenzari
Cheibriados
Elyvilon
Fedhas
Gozag
Hepliaklqana
Kikubaaqudgha
Makhleb
Nemelex Xobeh
Okawaru
Qazlal
Ru
Sif Muna
Uskayaw
Vehumet
Xom
Yredelemnul
Zin
The Shining One

Shops:
D:4 =   D:8 !

Annotations:
Lair:1 exclusion: oklob plant
Lair:2 Gastronok


Innate Abilities, Weirdness & Mutations

You cannot wear armour.
You are incapable of wielding weapons or throwing items.
Your paws allow you to move quietly. (Stealth)
You have sharp claws.
You have razor-sharp teeth.
You have supernaturally acute eyesight. (SInv)
You are carnivorous and can eat meat at any time.
You cover ground quickly.
Your thick and shaggy fur keeps you warm. (AC +3, rC+)
You have a slow metabolism.
Your sharp claws are effective at attacking unaware monsters.
You are partially covered in rugged brown scales. (AC +1, +3% HP)
You tend to lose your temper in combat.
Your mind is acute. (Int +2)


Message History

Confirm with . or Enter, or press ? or * to list all spells.
Aiming: Ensorcelled Hibernation
Press: ? - help, Shift-Dir - straight line, f/p - death yak
Aim: a death yak (chance to defeat MR: 2%)
The death yak resists with almost no effort.
The death yak snorts and paws the ground.
The death yak barely misses you.
You scratch the death yak but do no damage.
The hippogriff misses you.
The hippogriff completely misses you. x2
The death yak barely misses you. x2
You barely miss the death yak. The hippogriff misses you. x2
The hippogriff claws you. The death yak gores you.
You scratch the death yak.
You bite the death yak, but do no damage.
The death yak is lightly wounded.
The death yak gores you!!
* * * LOW HITPOINT WARNING * * *
The death yak gores you but does no damage.
The hippogriff closely misses you. The hippogriff pecks you.
You die...

######## ########### .
##P#..#.#######.##.##.#P# ..####
#........................ ....#
##......@Y............... ##
...F ##....YHY...............
#...#Fy ###....................
#.....#######...................
#....####..................
##.....#####................
#...(...# ##...............
#####.....##############Y......
##...#..y.#....### #.Y....(


You could see 3 death yaks and a hippogriff.

Vanquished Creatures
  A hydra (Lair:1)
  The ghost of Dracia the Impaler, a journeyman MiFi of Trog (D:9)
  3 centaur warriors
  5 two-headed ogres
  Urug (Lair:2)
  Nergalle (D:11)
  A cyclops (D:12)
  An elephant (Lair:2)
  Maurice (D:11)
  5 spiny frogs
  A gargoyle (D:10)
  4 komodo dragons
  3 kobold demonologists
  The ghost of zx48k the Sneak, a novice OpWz (D:5)
  2 trolls (D:10)
  A hornet (D:9)
  Grinder (D:5)
  11 blink frogs (Lair:2)
  8 hippogriffs
  3 slime creatures
  A wraith (D:11)
  12 yaks
  4 wyverns
  3 basilisks
  A hungry ghost (D:8)
  Grum (Lair:1)
  Menkaure (D:7)
  2 nagas (Lair:2)
  An acid dragon (D:12)
  6 water moccasins
  7 porcupines
  2 sky beasts
  7 ice beasts
  2 eyes of draining (D:11)
  9 orc warriors
  3 black bears
  2 phantoms
  10 ogres
  16 wolves
  6 crocodiles
  12 centaurs
  4 big kobolds
  11 bullfrogs
  A wyvern zombie (D:8)
  A gnoll sergeant (D:8)
  A water moccasin zombie (D:7)
  A wyvern skeleton (D:6)
  8 scorpions
  37 killer bees
  10 wights
  2 electric eels (D:9)
  9 crimson imps
  2 bullfrog zombies
  A quasit (D:12)
  2 centaur zombies
  11 orc priests
  Crazy Yiuf (D:3)
  5 jellies
  18 orc wizards
  8 hounds
  3 centaur skeletons
  Ijyb (D:2)
  3 iguanas
  2 hell rats (Lair:2)
  7 worker ants
  2 hound zombies (D:10)
  3 hound skeletons
  A howler monkey zombie (D:8)
  13 adders
  8 gnolls
  A howler monkey skeleton (D:11)
  11 river rats (Lair:2)
  8 shadow imps
  2 adder zombies (D:9)
  2 adder skeletons
  5 worms
  2 dart slugs
  4 leopard geckos
  56 orcs
  3 giant cockroaches
  14 goblins
  6 hobgoblins (D:1)
  14 jackals
  6 quokkas
  2 ball pythons (D:4)
  6 bats
  6 frilled lizards
  16 kobolds
  A leopard gecko skeleton (D:3)
  12 rats
  A bush (D:2)
  A plant (Lair:1)
518 creatures vanquished.

Vanquished Creatures (collateral kills)
  Sigmund (D:3)
  A wight (D:7)
  An orc priest (D:9)
3 creatures vanquished.

Vanquished Creatures (others)
  A dancing weapon (D:9)
  A centaur (D:12)
  5 fulminant prisms (Lair:2)
  6 fungi
  10 plants
23 creatures vanquished.

Grand Total: 544 creatures vanquished

Notes
Turn   | Place    | Note
-------+----------+-------------------------------------------
     0 | D:1      | fartsinmyface the Felid Enchanter began the quest for the Orb.
     0 | D:1      | Reached XP level 1. HP: 7/7 MP: 4/4
    17 | D:1      | Reached skill level 3 in Dodging
   324 | D:1      | Reached XP level 2. HP: 11/11 MP: 3/6
   337 | D:1      | Learned a level 2 spell: Ensorcelled Hibernation
   640 | D:1      | Reached skill level 4 in Dodging
  1810 | D:1      | Reached XP level 3. HP: 14/14 MP: 4/7
  2041 | D:2      | Learned a level 3 spell: Confuse
  2109 | D:2      | Reached skill level 5 in Dodging
  2434 | D:2      | Reached skill level 1 in Fighting
  2650 | D:2      | Reached XP level 4. HP: 19/19 MP: 1/8
  4148 | D:3      | Noticed Ijyb
  4277 | D:2      | Killed Ijyb
  4587 | D:3      | Reached XP level 5. HP: 22/22 MP: 9/9
  4614 | D:3      | Noticed Sigmund
  4880 | D:3      | Found an iron altar of Okawaru.
  4890 | D:3      | Became a worshipper of Warmaster Okawaru
  5151 | D:3      | Found a runed door.
  5478 | D:4      | Found Lotet's Jewellery Shop.
  5540 | D:4      | Reached skill level 5 in Stealth
  5944 | D:4      | Noticed a phantom
  6250 | D:3      | Noticed Crazy Yiuf
  6254 | D:3      | Killed Crazy Yiuf
  6254 | D:3      | Gained mutation: You are covered in thick fur. (AC +2) [Felid growth]
  6254 | D:3      | Reached XP level 6. HP: 27/27 MP: 5/10
  6498 | D:4      | Reached skill level 5 in Hexes
  6512 | D:4      | Noticed a sky beast
  6700 | D:4      | Killed a sky beast
  6700 | D:4      | Reached * piety under Okawaru
  6700 | D:4      | Reached XP level 7. HP: 27/31 MP: 2/11
  6704 | D:4      | Gained mutation: You tend to lose your temper in combat. [mutagenic meat]
  6774 | D:4      | Gained mutation: You are partially covered in rugged brown scales. (AC +1, +3% HP) [mutagenic meat]
  6775 | D:4      | Gained mutation: Your mind is acute. (Int +2) [mutagenic meat]
  6776 | D:4      | Gained mutation: You are frail. (-10% HP) [mutagenic meat]
  6777 | D:4      | Lost mutation: You are frail. (-10% HP) [mutagenic meat]
  7825 | D:4      | Learned a level 3 spell: Tukima's Dance
  7839 | D:5      | Entered Level 5 of the Dungeon
  8100 | D:5      | Noticed zx48k's ghost (novice OpWz)
  8508 | D:5      | Reached skill level 6 in Dodging
  9149 | D:5      | Reached skill level 5 in Fighting
  9149 | D:5      | Reached XP level 8. HP: 37/38 MP: 9/12
  9163 | D:5      | Noticed Grinder
  9174 | D:5      | Killed Grinder
  9174 | D:5      | Reached skill level 7 in Dodging
  9174 | D:5      | Reached skill level 5 in Unarmed Combat
  9470 | D:5      | Reached ** piety under Okawaru
  9643 | D:3      | Killed Sigmund
 10094 | D:6      | Found a staircase to the Ecumenical Temple.
 10106 | D:6      | Reached skill level 8 in Dodging
 10319 | D:6      | Reached XP level 9. HP: 36/43 MP: 2/13
 10478 | D:6      | Reached *** piety under Okawaru
 10705 | D:6      | Found an opulent altar of Gozag.
 11061 | Temple   | Entered the Ecumenical Temple
 11408 | D:6      | HP: 2/43 [orc priest/divine providence (9)]
 11424 | D:6      | Killed from afar by an orc priest
 11425 | D:6      | Reached XP level 8. HP: -8/40 MP: 9/12
 12151 | D:7      | Noticed a hippogriff
 12227 | D:7      | Killed a hippogriff
 12227 | D:7      | Reached skill level 9 in Dodging
 12477 | D:7      | Noticed Menkaure
 12484 | D:7      | Killed Menkaure
 12818 | D:7      | Reached **** piety under Okawaru
 13044 | D:7      | Reached XP level 9. HP: 44/44 MP: 7/13
 13227 | D:8      | Found Meskuren's Distillery.
 13267 | D:8      | Found a basalt altar of Yredelemnul.
 13267 | D:8      | Found a snail-covered altar of Cheibriados.
 14645 | D:9      | Noticed a two-headed ogre
 14770 | D:9      | Killed a two-headed ogre
 14770 | D:9      | Reached skill level 10 in Dodging
 14823 | D:9      | Noticed Dracia's ghost (journeyman MiFi)
 15110 | D:9      | Killed Dracia's ghost
 15110 | D:9      | Reached ***** piety under Okawaru
 15110 | D:9      | Reached XP level 10. HP: 25/50 MP: 2/14
 16066 | D:9      | Found a staircase to the Lair.
 17462 | D:9      | Found a deep blue altar of Sif Muna.
 17474 | D:9      | Reached skill level 11 in Dodging
 17856 | D:9      | Found a staircase to the Orcish Mines.
 18122 | D:9      | Noticed a two-headed ogre
 18124 | D:9      | Killed a two-headed ogre
 18286 | D:10     | Entered Level 10 of the Dungeon
 18286 | D:10     | Noticed a gargoyle
 18568 | D:10     | Reached ****** piety under Okawaru
 18779 | D:10     | Killed a gargoyle
 18779 | D:10     | Reached XP level 11. HP: 54/54 MP: 13/16
 19694 | D:10     | Noticed a two-headed ogre
 19717 | D:10     | Killed a two-headed ogre
 19717 | D:10     | Reached skill level 12 in Dodging
 20852 | D:5      | Killed zx48k's ghost
 20852 | D:5      | Reached skill level 10 in Fighting
 22162 | D:11     | Noticed Nergalle
 22322 | D:11     | Killed Nergalle
 22322 | D:11     | Reached skill level 10 in Unarmed Combat
 22554 | D:11     | Noticed Maurice
 23062 | D:11     | Killed Maurice
 23355 | D:11     | Learned a level 3 spell: Dazzling Spray
 23388 | D:12     | Noticed a centaur warrior
 23391 | D:12     | Killed a centaur warrior
 23400 | D:12     | Noticed a two-headed ogre
 23579 | D:10     | Reached skill level 13 in Dodging
 23678 | D:12     | Killed a two-headed ogre
 23956 | D:12     | Gained mutation: Your thick and shaggy fur keeps you warm. (AC +3, rC+) [Felid growth]
 23956 | D:12     | Reached XP level 12. HP: 54/60 MP: 2/19
 24822 | D:12     | Noticed a two-headed ogre
 24828 | D:12     | Killed a two-headed ogre
 24930 | D:12     | Noticed a centaur warrior
 24932 | D:12     | Killed a centaur warrior
 25338 | D:12     | Reached skill level 5 in Spellcasting
 25638 | D:13     | Noticed a centaur warrior
 25640 | D:13     | Killed a centaur warrior
 25996 | Lair:1   | Entered Level 1 of the Lair of Beasts
 25996 | Lair:1   | Noticed Grum
 26057 | Lair:1   | Killed Grum
 26057 | Lair:1   | Reached skill level 10 in Stealth
 26062 | Lair:1   | Reached skill level 14 in Dodging
 26308 | Lair:1   | Noticed a six-headed hydra
 27088 | Lair:1   | Killed a six-headed hydra
 27926 | Lair:2   | Noticed Urug
 28162 | Lair:2   | Killed Urug
 28396 | Lair:2   | Found a staircase to the Snake Pit.
 28630 | Lair:2   | Reached XP level 13. HP: 24/65 MP: 6/21
 29192 | Lair:2   | HP: 3/65 [yak (3)]
 29192 | Lair:2   | Slain by a basilisk
 29193 | Lair:2   | Reached XP level 12. HP: -4/62 MP: 1/20
 29203 | Lair:2   | Noticed Gastronok
 29895 | Lair:2   | Reached skill level 15 in Dodging
 30289 | Lair:2   | Learned a level 4 spell: Fulminant Prism
 30400 | Lair:2   | Reached skill level 1 in Evocations
 30973 | Lair:2   | Mangled by a spiny frog
 30974 | Lair:2   | Reached XP level 11. HP: -6/58 MP: 1/19
 31413 | Lair:2   | Noticed a death yak
 31416 | Lair:2   | Noticed a death yak
 31418 | Lair:2   | Noticed a death yak
 31967 | Lair:2   | HP: 2/58 [death yak (23)]
 31967 | Lair:2   | Slain by a hippogriff

Skill      XL: |  1  2  3  4  5  6  7  8  9 10 11 12 13 |
---------------+----------------------------------------+-----
Dodging        | 3 4 5 6 9 10 11 13 15 | 15.1
Fighting       | 1 2 3 5 7 8 9 10 11 12 | 12.3
Stealth        | 5 8 9 11 | 11.0
Unarmed Combat | 2 3 4 6 7 9 10 12 | 12.0
Hexes          | 5 6 8 7 |  8.2
Spellcasting   | 4 5 |  5.0
Evocations     | 1 |  1.4

Action                   |  1- 3 |  4- 6 |  7- 9 | 10-12 | 13-15 || total
-------------------------+-------+-------+-------+-------+-------++-------
Melee: Unarmed           |    89 |   619 |   284 |   963 |    83 ||  2038
       Bite              |     3 |    82 |    26 |    72 |     9 ||   192
       Punch             |       |     5 |     3 |    32 |     2 ||    42
 Cast: Corona            |     4 |     8 |    24 |     5 |       ||    41
       Ensorcelled Hiber |    34 |    42 |   115 |   409 |    27 ||   627
       Confuse           |       |    17 |    39 |    63 |     4 ||   123
       Tukima's Dance    |       |       |     4 |     3 |       ||     7
       Dazzling Spray    |       |       |       |    22 |       ||    22
       Fulminant Prism   |       |       |       |     5 |       ||     5
Invok: Heroism           |       |       |       |     1 |       ||     1
  Use: Scroll            |     1 |     5 |    12 |    13 |       ||    31
       Potion            |       |       |       |     3 |       ||     3
 Stab: Sleeping          |    24 |    27 |    67 |   163 |    11 ||   292
       Confused          |       |     4 |    18 |    17 |       ||    39
       Distracted        |       |       |       |     5 |       ||     5
       Invisible         |       |       |       |     4 |       ||     4
  Eat: Chunk             |     8 |    13 |    19 |    42 |       ||    82
       Meat ration       |     1 |       |     2 |     2 |       ||     5
Armor: Skin              |     4 |    19 |    20 |    75 |     3 ||   121
Dodge: Dodged            |    59 |   186 |   227 |  1274 |   107 ||  1853
